 Dungeon Sprint DCSS version 0.29-a0-892-g2c4c91d9db (webtiles) character file.

Game seed: 15973897548895325028

1565 mhtbhm the Basher (level 8, 0/59 HPs)
             Began as a Gargoyle Fighter on July 23, 2022.
             Was an Initiate of Gozag.
             Slain by a tengu warrior
             ... wielding a +0 great mace
              (5 damage)
             ... in the Dungeon (Sprint IX: "|||||||||||||||||||||||||||||").
             The game lasted 00:00:56 (329 turns).

mhtbhm the Basher (Gargoyle Fighter)                 Turns: 329, Time: 00:00:57

Health: 0/59       AC: 30    Str: 21    XL:     8   Next: 89%
Magic:  8/8        EV: 10    Int: 10    God:    Gozag
Gold:   603        SH:  6    Dex:  9    Spells: 7/7 levels left

rFire   . . .      SeeInvis .   a - +2 morningstar (protect)
rCold   . . .      Faith    .   c - +0 buckler
rNeg    + . .      Spirit   .   b - +1 chain mail
rPois   ∞          Reflect  .   (no helmet)
rElec   +          Harm     .   m - +0 cloak
rCorr   .          Rampage  .   n - +0 pair of gloves
Will    .....      NoTele   +   (no boots)
Stlth   ..........              (no amulet)
HPRegen 0.19/turn               o - +2 ring of protection
MPRegen 0.11/turn               p - +2 ring of evasion

@: under a protective aura
A: sickness immunity, AC +5, negative energy resistance 1, electricity
resistance, torment resistance 1, petrification resistance
a: Renounce Religion, Potion Petition, Call Merchant, Bribe Branch


You were in the Dungeon.
You worshipped Gozag.
Gozag was pleased with you.
You visited 1 branch You collected 603 gold pieces.

Inventory:

Hand Weapons
 a - a +2 morningstar of protection (weapon)
Missiles
 q - a curare-tipped dart (quivered)
Armour
 b - a +1 chain mail (worn)
 c - a +0 buckler (worn)
 m - a +0 cloak (worn)
 n - a +0 pair of gloves (worn)
Jewellery
 o - a +2 ring of protection (left hand)
 p - a +2 ring of evasion (right hand)
Wands
 l - a wand of quicksilver (10)
Scrolls
 j - 2 scrolls of blinking
 k - 2 scrolls of amnesia
Potions
 d - a potion of might
 e - 4 potions of curing
 f - 2 potions of heal wounds
 g - a potion of haste
 h - 4 potions of magic
 i - a potion of invisibility


   Skills:
 + Level 10.6 Fighting
 + Level 11.2 Maces & Flails
 + Level 9.8 Armour
 + Level 1.9 Dodging
 + Level 2.4 Stealth
 + Level 10.9 Shields


You had 7 spell levels left.
You didn't know any spells.
Your spell library was empty.

Dungeon Overview and Level Annotations

Branches:
Dungeon (1/1)

Altars:
Cheibriados
Dithmenos
Elyvilon
Fedhas
Gozag
Hepliaklqana
Kikubaaqudgha
Makhleb
Nemelex Xobeh
Okawaru
Qazlal
Ru
Sif Muna
Trog
Uskayaw
Vehumet
Wu Jian
Xom
Yredelemnul
Zin
The Shining One
Jiyva
Lugonu


Innate Abilities, Weirdness & Mutations

You are immune to sickness and miasma.
Your stone body is resilient. (AC +5)
You are immune to poison.
You resist negative energy. (rN+)
You are resistant to electric shocks. (rElec)
You are resistant to unholy torment.
You are immune to petrification.


Message History

The tengu warrior pecks you but does no damage.
The tengu warrior closely misses you.
You hit the tengu warrior.
The tengu warrior is heavily wounded.
The deep elf pyromancer is no longer distracted by gold.
The tengu warrior completely misses you.
The tengu warrior closely misses you. x2
You miss the tengu warrior.
The tengu warrior is heavily wounded.
You block the tengu warrior's attack.
The tengu warrior pecks you but does no damage.
The tengu warrior claws you but does no damage.
You closely miss the tengu warrior.
The tengu warrior is heavily wounded.
The tengu warrior hits you but does no damage.
The tengu warrior closely misses you.
The tengu warrior claws you but does no damage.
You closely miss the tengu warrior.
The tengu warrior is heavily wounded.
The tengu warrior hits you with a +0 great mace!
You block the tengu warrior's attack.
The tengu warrior claws you but does no damage.
You puncture the tengu warrior!
The tengu warrior is severely wounded.
The tengu warrior hits you but does no damage.
The tengu warrior pecks you but does no damage.
The tengu warrior claws you but does no damage.
You closely miss the tengu warrior.
The tengu warrior is severely wounded.
The deep elf pyromancer casts a spell.
The tengu warrior misses you.
The tengu warrior pecks you but does no damage.
You block the tengu warrior's attack.
You thump the tengu warrior!
The tengu warrior is almost dead.
The tengu warrior hits you with a +0 great mace!
* * * LOW HITPOINT WARNING * * *
You block the tengu warrior's attack. The tengu warrior claws you.
You die...
Your body crumbles into a pile of gold. $$$$ $ $ $ $$$$$ $ $ ▓▓▓▓▓▓▓▓▓▓▓▓▓▓▓▓▓▓▓▓▓▓▓▓ ..)..[...'))....@QJHeEE+ ▓▓▓▓▓▓▓▓▓▓▓▓▓▓▓▓▓▓▓▓▓▓▓▓

You could see a slime creature, a tengu warrior, a manticore, a deep elf pyromancer and 2 fire elementals.

Vanquished Creatures
  A salamander (shapeshifter) (D)
  A hornet (D)
  A shadow (D)
  2 yaks (D)
  A vampire mosquito (D)
  A black bear (D)
  A centaur (D)
  A kobold brigand (D)
  A phantom (D)
  A necrophage (D)
  An orc wizard (D)
  An orc (D)
  An endoplasm (D)
  A quokka (D)
  A goblin (D)
  A kobold (D)
  A rat (D)
18 creatures vanquished.

Notes
Turn   | Place    | Note
-------+----------+-------------------------------------------
     0 | D        | mhtbhm the Gargoyle Fighter began the quest for the Orb.
     0 | D        | Reached XP level 1. HP: 14/14 MP: 1/1
    21 | D        | Noticed a black bear
    21 | D        | Noticed an orc wizard
    21 | D        | Noticed a phantom
    21 | D        | Noticed a necrophage
    24 | D        | Killed a black bear
    25 | D        | Reached skill level 4 in Maces & Flails
    25 | D        | Reached XP level 2. HP: 22/22 MP: 2/2
    25 | D        | Reached XP level 3. HP: 27/27 MP: 3/3
    25 | D        | Reached XP level 4. HP: 32/32 MP: 4/4
    27 | D        | Reached XP level 5. HP: 37/37 MP: 5/5
    30 | D        | Killed a phantom
    31 | D        | Reached skill level 5 in Maces & Flails
    34 | D        | Reached XP level 6. HP: 44/44 MP: 6/6
    39 | D        | Found a snail-covered altar of Cheibriados.
    39 | D        | Found a shadowy altar of Dithmenos.
    39 | D        | Found a white marble altar of Elyvilon.
    39 | D        | Found a blossoming altar of Fedhas.
    39 | D        | Found an opulent altar of Gozag.
    40 | D        | Found a hazy altar of Hepliaklqana.
    41 | D        | Found a viscous altar of Jiyva.
    42 | D        | Found an ancient bone altar of Kikubaaqudgha.
    43 | D        | Found a corrupted altar of Lugonu.
    44 | D        | Found a burning altar of Makhleb.
    45 | D        | Found a sparkling altar of Nemelex Xobeh.
    46 | D        | Found an iron altar of Okawaru.
    47 | D        | Found a stormy altar of Qazlal.
    48 | D        | Found a sacrificial altar of Ru.
    49 | D        | Found a shimmering blue altar of Sif Muna.
    53 | D        | Became a worshipper of Gozag Ym Sagoz the Greedy
    57 | D        | Found a bloodstained altar of Trog.
    58 | D        | Found a hide-covered altar of Uskayaw.
    59 | D        | Found a radiant altar of Vehumet.
    60 | D        | Found an ornate altar of the Wu Jian Council.
    61 | D        | Found a shimmering altar of Xom.
    62 | D        | Found a basalt altar of Yredelemnul.
    63 | D        | Found a glowing silver altar of Zin.
    64 | D        | Found a glowing golden altar of the Shining One.
   123 | D        | Noticed a hornet
   123 | D        | Noticed a yak
   123 | D        | Noticed a yak
   123 | D        | Noticed a shadow
   143 | D        | Reached skill level 6 in Maces & Flails
   156 | D        | Killed a hornet
   157 | D        | Reached skill level 7 in Maces & Flails
   157 | D        | Reached XP level 7. HP: 39/51 MP: 7/7
   159 | D        | Killed a yak
   160 | D        | Reached skill level 8 in Maces & Flails
   160 | D        | Reached skill level 1 in Dodging
   160 | D        | Reached skill level 10 in Shields
   168 | D        | Killed a yak
   169 | D        | Reached skill level 9 in Maces & Flails
   169 | D        | Reached XP level 8. HP: 38/57 MP: 8/8
   180 | D        | Killed a shadow
   181 | D        | Reached skill level 10 in Fighting
   284 | D        | Noticed a tengu warrior
   284 | D        | Noticed a slime creature
   284 | D        | Noticed a manticore
   284 | D        | Noticed a deep elf pyromancer
   291 | D        | Reached skill level 10 in Maces & Flails
   291 | D        | Reached skill level 1 in Stealth
   294 | D        | Noticed a cane toad
   294 | D        | a golden eye changed into a cane toad
   299 | D        | Noticed a salamander
   299 | D        | a cane toad changed into a salamander
   307 | D        | Killed a salamander
   308 | D        | Reached skill level 11 in Maces & Flails
   329 | D        | Slain by a tengu warrior

Illustrated notes

Levels and vault maps discovered:
D:        linesprint [early_d, line_temple, items_1, d_10, items_2, lair_1,
          lair_end, items_3, orc_1, orc_end, items_4, d_15, swamp_1, shoals_1,
          snake_1, spider_1, d_20, vaults_1, items_5, swamp_end, shoals_end,
          snake_end, spider_end, vaults_end, d_27, items_6, zot_1, zot_end,
          crypt_end, forest_end, elf_end, slime_end, tomb_end, abyss_end,
          pan_hell_end]

Skill      XL: |  1  2  3  4  5  6  7  8 |
---------------+-------------------------+-----
Fighting       | 6 7 9 10 | 10.6
Maces & Flails | 4 5 7 9 11 | 11.2
Armour         | 6 7 8 9 |  9.8
Shields        | 6 8 9 10 | 10.9
Dodging        | 1 |  1.9
Stealth        | 2 |  2.4

Action                   |  1- 3 |  4- 6 |  7- 9 || total
-------------------------+-------+-------+-------++-------
Melee: Flail             |    13 |     8 |       ||    21
       Morningstar       |       |    31 |    65 ||    96
  Use: Potion            |     1 |       |     2 ||     3
 Stab: Distracted        |       |       |     1 ||     1
Armor: Scale mail        |     9 |       |       ||     9
       Chain mail        |       |    31 |    49 ||    80
Dodge: Dodged            |     5 |    20 |    23 ||    48
Block: Buckler           |     3 |     8 |    20 ||    31

Table legend: (Time is in decaauts)
 A = Elapsed time spent in this place.
 B = Non-inter-level travel time spent in this place.
 C = Inter-level travel time spent in this place.
 D = Time resting spent in this place.
 E = Time spent auto-exploring this place.
 F = Levels seen in this place.
 G = Mean time per level.
                   A        B        C        D        E       F      G
               +--------+--------+--------+--------+--------+-----+--------+
         Total |    352 |    352 |      0 |     91 |      3 |   1 |  352.0 |
       Dungeon |    352 |    352 |      0 |     91 |      3 |   1 |  352.0 |
               +--------+--------+--------+--------+--------+-----+--------+

Top non-repeatable levels by time:
       D: 352 daAuts
